Unix NetHack Version 5.0.0-0 post-release - last build May 23 2026 06:08:33 (1c0ff79ee797540d5714e4e18072db0edd9e58ae,branch:main).

Game began 2026-05-23 07:12:14, ended 2026-05-23 07:58:03.

Atomicjoy, chaotic male elven Wizard

                     ----
                     |..--
                    --...---
                   --.....h--
                   |.G......---
                  --..@---....---
                  |....|  -.....--
                  |....|   ......|
           ---------...----......|  -
        ---|.....----....|..........|
       ....|..................-#---
         -....................|
         |................|.---
       ----..<[.........-----
       -.....>...........--
     ... ---..............----
      --   --................-
            |.................-
            ---...---.---.......|
              |..-- ---  ---.|..|
              ----          -----
Atomicjoy the Conjurer    St:9 Dx:11 Co:16 In:18 Wi:11 Ch:12  Chaotic
Dlvl:3  $:242 HP:0(26) Pw:1(42) AC:9  Xp:4 T:1597 

Latest messages:
 P - a bow.
 O - an arrow (10 in total).
 You feel tough!
 You must have been leading a healthy life-style.
 The kitten bites the gnome.
 The kitten bites the gnome.
 The gnome is killed!
 Q - 2 red gems.
 S - a yellowish brown gem.
 The gnome lord hits!
 You hit the gnome lord.
 The gnome lord hits!
 You hit the gnome lord!
 The gnome lord hits!
 In what direction? 2
 The spell hits the gnome lord!
 You kill the gnome lord!
 There is a gnome lord corpse here; eat it? [ynq] (n) y
 This gnome lord corpse is stringy.
 The gnome lord wields a thonged club!
 The gnome lord secures the tether on the thonged club.
 You stop eating the gnome lord corpse.
 In what direction? 3
 You don't have enough energy to cast that spell.
 You hit the gnome lord.
 The gnome lord swings his thonged club.
 The gnome lord hits!
 The gnome lord picks up a gray stone.
 Your kitten eats a partly eaten gnome lord corpse.
 The gnome wields a crossbow!
 You kill the gnome!
 The gnome lord throws a thonged club!
 You are hit by a thonged club.
 The thonged club returns to the gnome lord's hand!
 The gnome shoots 2 crossbow bolts!
 The 1st crossbow bolt misses you.
 You are hit by the 2nd crossbow bolt.
 What do you want to put on? [dey or ?*] ?
 Which ring-finger, Right or Left? [rl] r
 e - an uncursed ring of regeneration (on right hand).
 The dwarf swings her pick-axe.
 The dwarf hits!
 The dwarf picks up a crossbow bolt.
 The gnome lord swings his thonged club.
 The gnome lord hits!
 The gnome lord swings his thonged club.
 The gnome lord hits!
 You die...
 Do you want your possessions identified? [ynq] (y) y
 Do you want to see your attributes? [ynq] (y) q

Inventory:
 Coins    ('$')
  $ - 242 gold pieces
 Weapons  (')')
  O - 10 blessed +1 arrows
  P - a +0 bow
  A - 5 +0 darts
  I - a +0 dagger
  a - a blessed +1 quarterstaff (weapon in hands)
 Armor    ('[')
  b - an uncursed +0 cloak of magic resistance (being worn)
 Comestibles  ('%')
  D - 2 uncursed slime molds
  H - an uncursed cram ration
  p - an uncursed food ration
 Scrolls  ('?')
  N - a blessed scroll of amnesia
  j - an uncursed scroll of charging
  L - an uncursed scroll of destroy armor
  r - a blessed scroll of enchant armor
  K - an uncursed scroll of gold detection
  R - 2 uncursed scrolls of identify
  M - an uncursed scroll of magic mapping
  k - an uncursed scroll of punishment (at the ready)
  i - an uncursed scroll of stinking cloud
  J - an uncursed scroll of teleportation
 Potions  ('!')
  C - an uncursed potion of booze
  s - a cursed potion of extra healing
  w - an uncursed potion of healing
  B - an uncursed potion of levitation
  f - an uncursed potion of see invisible
  h - an uncursed potion of sickness
  g - 2 uncursed potions of water
 Rings    ('=')
  y - a cursed ring of hunger
  e - an uncursed ring of regeneration (on right hand)
  d - an uncursed ring of sustain ability
 Wands    ('/')
  c - a wand of create monster (0:13)
 Tools    ('(')
  x - a bag of tricks named !C (0:17)
  o - an uncursed wooden flute
  E - an uncursed lock pick
  n - a magic marker (0:20)
  t - an uncursed oil lamp
  u - an uncursed stethoscope
 Gems/Stones  ('*')
  Q - 2 uncursed worthless pieces of red glass
  S - an uncursed worthless piece of yellowish brown glass

Atomicjoy the Wizard's attributes:

Background:
 You were a Conjurer, a level 4 male elven Wizard.
 You were chaotic, nominally on a mission for Anhur
 who was opposed by Ptah (lawful) and Thoth (neutral).
 You were right-handed.
 You were in the Gnomish Mines, on level 3.
 You entered the dungeon 1597 turns ago.
 You had 119 experience points, 41 more were needed to attain level 5.

Basics:
 You had 0 out of 26 hit points.
 You had 1 out of 42 energy points (spell power).
 Your armor class was 9.
 Your wallet contained 242 zorkmids.
 Autopickup was off.

Final Characteristics:
 Your strength was 9 (limit:18).
 Your dexterity was 11 (limit:18).
 Your constitution was 16 (limit:16).
 Your intelligence was 18 (limit:20).
 Your wisdom was 11 (limit:20).
 Your charisma was 12 (limit:18).

Final Status:
 You weren't hungry.
 You were unencumbered.
 You were wielding a quarterstaff.
 You had basic skill with quarterstaff.

Final Attributes:
 You were devoutly aligned.
 You were magic-protected.
 You were sleep resistant.
 You were poison resistant.
 You had infravision.
 You regenerated.
 You were warded.
 You are dead.

Miscellaneous:
 You encountered 1 bones level.
 Total elapsed playing time was 33 minutes and 11 seconds.

Major events:
 Turn
    1: Atomicjoy the chaotic male elven Wizard entered the dungeon
  356: entered the Gnomish Mines
  695: attained the rank of Conjurer (level 3)
 1597: killed by a gnome lord

Spells:
 Name                 Level Category     Fail Retention
 force bolt             1   attack         0%  91%-100%
 healing                1   healing        0%  76%-100%
 detect unseen          3   divination    79%  76%-100%

Skills:
 Fighting Skills
   bare handed combat [Unskilled]
   riding             [Unskilled]
 Weapon Skills
   dagger             [Unskilled]
   knife              [Unskilled]
   axe                [Unskilled]
   short sword        [Unskilled]
   club               [Unskilled]
   mace               [Unskilled]
   quarterstaff       [Basic]
   polearms           [Unskilled]
   spear              [Unskilled]
   trident            [Unskilled]
   sling              [Unskilled]
   dart               [Unskilled]
   shuriken           [Unskilled]
 Spellcasting Skills
   attack spells      [Basic]
   healing spells     [Unskilled]
   divination spells  [Unskilled]
   enchantment spells [Basic]
   clerical spells    [Unskilled]
   escape spells      [Unskilled]
   matter spells      [Unskilled]

Voluntary challenges:
 Character rerolling was not enabled.
 You were an atheist.
 You never genocided any monsters.
 You never polymorphed an object.
 You never changed form.
 You used no wishes.
Achievements:
 You entered the Gnomish Mines.
 You attained the rank of Conjurer.
 You entered a shop.

 The Dungeons of Doom: levels 1 to 4
    Level 1:
       A fountain.
    Level 2:
       A scroll shop.
       Stairs down to The Gnomish Mines.
    Level 3:
    Level 4:
       Final resting place for
          DaveT-Pri-Hum-Mal-Law, killed by a rabid rat.
 The Gnomish Mines:
    Level 3: <- You were here.
       Final resting place for
          you, killed by a gnome lord.


Vanquished creatures:
  a winter wolf cub
  2 shriekers
  a gnome leader
  a gnomish wizard
  a dwarf
  a hobbit
  a green mold
  7 gnomes
  a gecko
  7 jackals
  a kobold
  a grid bug
  2 lichens
  4 newts
31 creatures vanquished.

No species were genocided or became extinct.

Game over:
                       ----------
                      /          \
                     /    REST    \
                    /      IN      \
                   /     PEACE      \
                  /                  \
                  |    Atomicjoy     |
                  |      242 Au      |
                  |   killed by a    |
                  |    gnome lord    |
                  |                  |
                  |                  |
                  |       2026       |
                 *|     *  *  *      | *
        _________)/\\_//(\/(/\)/\//\/|_)_______

Goodbye Atomicjoy the Wizard...

You died in The Gnomish Mines on dungeon level 3 with 854 points,
and 242 pieces of gold, after 1597 moves.
You were level 4 with a maximum of 26 hit points when you died.

